 Dungeon Crawl Stone Soup version 0.28.0-47-ge53b351184 (webtiles) character file.

Game seed: 2521077566753280710

56534 croobank the Covert (level 14, -8/113 HPs)
             Began as a Gnoll Delver on Apr 28, 2022.
             Was a High Priest of Vehumet.
             Killed from afar by Azrael (33 damage)
             ... with damnation
             ... on level 12 of the Dungeon on Apr 29, 2022.
             The game lasted 01:55:40 (24893 turns).

croobank the Covert (Gnoll Delver)                 Turns: 24893, Time: 01:55:41

Health: -8/113     AC: 18    Str: 15    XL:     14   Next: 82%
Magic:  16/27      EV: 18    Int: 16    God:    Vehumet [*****.]
Gold:   1632       SH:  0    Dex: 19    Spells: 4/32 levels left

rFire   + . .      SeeInvis .   a - +2 quarterstaff (drain)
rCold   + . .      Faith    .   (shield currently unavailable)
rNeg    . . .      Spirit   .   t - +2 troll leather armour {Snorg}
rPois   .          Reflect  .   H - +1 helmet
rElec   .          Harm     .   A - +1 cloak
rCorr   +          Rampage  .   f - +2 pair of gloves
Will    +....                   M - +1 pair of boots
Stlth   +++.......              m - amulet "Loqum" {rC+ Regen+}
HPRegen 1.88/turn               r - +4 ring of slaying
MPRegen 0.20/turn               T - ring of Sunlight {rF+ rCorr Int+4 Dex+6 Stlth+}

@: mighty, very slow
A: fangs 1, strong nose, distributed training
a: Renounce Religion


You were on level 12 of the Dungeon.
You worshipped Vehumet.
Vehumet was extremely pleased with you.
You visited 4 branches of the dungeon, and saw 22 of its levels.
You also visited: Ice Cave.

You collected 1668 gold pieces.
You spent 36 gold pieces at shops.

Inventory:

Hand Weapons
 a - a +2 quarterstaff of draining (weapon)
 b - a +3 shortbow
 d - a +0 battleaxe
 o - the +8 scythe of Abuse {elec, rElec rF- rN++ SInv}
   (You found it on level 6 of the Lair of Beasts)

   It occasionally discharges a powerful burst of electricity upon striking a
   foe.
   rF:        It makes you vulnerable to fire.
   rElec:     It insulates you from electricity.
   rN:        It greatly protects you from negative energy.
   SInv:      It lets you see invisible.
 y - a +3 quarterstaff of chaos
 D - a +4 great sword
 R - the +6 hand axe "Anacsyp" {venom, Dex+4}
   (You found it on level 4 of the Lair of Beasts)

   It poisons the flesh of those it strikes.
   Dex:       It affects your dexterity (+4).
 W - a +1 mace of holy wrath
Missiles
 q - 188 arrows
 F - a curare-tipped dart (quivered)
Armour
 f - a +2 pair of gloves (worn)
 k - a +0 plate armour
 n - a +0 leather armour
 t - a +2 troll leather armour (worn) {Snorg}
 u - a +1 ring mail
 A - a +1 cloak (worn)
 E - a +2 robe of willpower
 H - a +1 helmet (worn)
 K - a +0 kite shield
 M - a +1 pair of boots (worn)
 O - a +0 buckler
 Q - +2 steam dragon scales
 Y - a +0 buckler
Jewellery
 i - a ring of poison resistance
 m - the amulet "Loqum" (around neck) {rC+ Regen+}
   (You found it on level 5 of the Lair of Beasts)

   [amulet of regeneration]

   rC:        It protects you from cold.
   Regen:     It increases your rate of health regeneration.
 r - a +4 ring of slaying (left hand)
 s - a +4 ring of protection
 B - an amulet of magic regeneration
 G - an amulet of faith
 I - a +4 ring of slaying
 T - the ring of Sunlight (right hand) {rF+ rCorr Int+4 Dex+6 Stlth+}
   (You acquired it on level 7 of the Dungeon)

   [ring of dexterity]

   Int:       It affects your intelligence (+4).
   Dex:       It affects your dexterity (+6).
   rF:        It protects you from fire.
   rCorr:     It protects you from acid and corrosion.
   Stlth:     It makes you more stealthy.
Wands
 g - a wand of digging (6)
 S - a wand of paralysis (1)
 U - a wand of iceblast (16)
 X - a wand of polymorph (5)
Scrolls
 c - 3 scrolls of fog
 e - a scroll of fear
 p - 3 scrolls of magic mapping
 w - a scroll of amnesia
 L - a scroll of blinking
 P - 3 scrolls of teleportation
 Z - 3 scrolls of identify
Potions
 h - a potion of lignification
 j - 4 potions of curing
 l - 3 potions of brilliance
 x - 2 potions of cancellation
 C - 3 potions of magic
 J - a potion of mutation
 N - a potion of ambrosia
 V - a potion of flight
Miscellaneous
 v - a phial of floods (inert)


   Skills:
 + Level 11.5 Fighting
 + Level 9.5 Short Blades
 + Level 9.5 Long Blades
 + Level 10.6 Axes
 + Level 9.5 Maces & Flails
 + Level 9.5 Polearms
 + Level 9.5 Staves
 + Level 9.5 Slings
 + Level 9.5 Bows
 + Level 9.5 Crossbows
 + Level 9.5 Throwing
 + Level 9.5 Armour
 + Level 10.6 Dodging
 + Level 13.3 Stealth
 + Level 9.5 Shields
 + Level 9.5 Unarmed Combat
 + Level 9.5 Spellcasting
 + Level 8.0 Conjurations
 + Level 8.0 Hexes
 + Level 8.0 Summonings
 + Level 8.0 Necromancy
 + Level 8.0 Translocations
 + Level 8.0 Transmutations
 + Level 8.0 Fire Magic
 + Level 8.0 Ice Magic
 + Level 8.0 Air Magic
 + Level 8.0 Earth Magic
 + Level 8.0 Poison Magic
 + Level 10.4 Invocations
 + Level 9.5 Evocations


You had 4 spell levels left.
You knew the following spells:

 Your Spells              Type           Power      Damage    Failure   Level
a - Ozocubu's Armour      Ice            33%        N/A       1%          3
b - Metabolic Englaciati  Hex/Ice        16%        N/A       12%         5
c - Simulacrum            Ice/Necr       16%        N/A       54%         6
d - Scorch                Fire           66%        2d8       1%          2
e - Hailstorm             Conj/Ice       33%        3d8       1%          4
f - Fulminant Prism       Conj/Hex       16%        3d11      1%          4
g - Olgreb's Toxic Radia  Pois           33%        N/A       1%          4

Your spell library contained the following spells:

 Spells                   Type           Power      Damage    Failure   Level
 Summon Small Mammal      Summ           100%       N/A       1%          1
 Blink                    Tloc           66%        N/A       1%          2
 Static Discharge         Conj/Air       33%        N/A       1%          2
 Call Canine Familiar     Summ           33%        N/A       1%          3
 Lesser Beckoning         Tloc           33%        N/A       1%          3
 Summon Guardian Golem    Hex/Summ       33%        N/A       1%          3
 Sticky Flame             Conj/Fire      33%        2d5       1%          4
 Dispel Undead            Necr           33%        3d14      4%          4
 Petrify                  Tmut/Erth      33%        N/A       4%          4
 Manifold Assault         Tloc           33%        N/A       12%         5
 Statue Form              Tmut/Erth      22%        N/A       54%         6


Dungeon Overview and Level Annotations

Branches:
Dungeon (13/15)            Temple (1/1) D:6            Lair (6/6) D:11
  Swamp (0/4) Lair:2       Spider (0/4) Lair:2        Slime (0/5) Lair:6
    Orc (2/2) D:11          IceCv (visited)
    Elf: Orc:2       Vaults: D:13-14

Altars:
Ashenzari
Cheibriados
Elyvilon
Fedhas
Gozag
Hepliaklqana
Makhleb
Nemelex Xobeh
Okawaru
Qazlal
Ru
Sif Muna
Trog
Uskayaw
Vehumet
Wu Jian
Xom
Zin
The Shining One
Beogh
Lugonu

Shops:
D:2 *   D:10 *   Orc:2 :

Portals:
Abyss: Lair:6

Annotations:
D:7 2 transporters, exclusion: ice statue, AlmostDecent's ghost, novice FoFi
D:9 2 runed translucent doors
D:12 Azrael
Lair:4 2 runed translucent doors, hehateme's ghost, journeyman DsGl
Orc:2 Rupert; Saint Roka


Innate Abilities, Weirdness & Mutations

You have very sharp teeth.
Your uncanny sense of smell can sniff out nearby items.
Your experience applies equally to all skills.


Message History

Azrael gestures at you. The bolt of fire hits you! You resist.
You are too injured to fight recklessly!
You are too injured to fight recklessly!
Aim the phial where?
Press: ? - help, Shift-Dir - straight line, f - Azrael
Aim: Azrael, wielding a +3 scimitar of flaming (lightly wounded)
The torrent of water hits Azrael!!
Azrael is moderately wounded.
The wave splashes down.
Splash!
You fall into the shallow water.
Moving in this stuff is going to be slow.
Azrael is engulfed in water.
Azrael closely misses you.
Casting: Fulminant Prism (mildly dangerous; 1% risk of failure)
Confirm with . or Enter, or press ? or * to list all spells.
Casting: Metabolic Englaciation (dangerous; 12% risk of failure)
Press: ? - help, Dir - look around, f - activate You radiate an aura of cold.
Azrael seems to slow down.
Azrael misses you.
You feel very mighty all of a sudden.
Azrael is no longer moving slowly.
You barely miss Azrael.
Azrael is moderately wounded.
Azrael gestures at you.
The sphere of damnation explodes!
The damnation engulfs you!!
* * * LOW HITPOINT WARNING * * *
The damnation engulfs Azrael.
Azrael completely resists.
You sock Azrael!
Azrael is heavily wounded.
Azrael closely misses you.
You bludgeon Azrael!!
Azrael is severely wounded.
Azrael hits you with a +3 scimitar of flaming.
* * * LOW HITPOINT WARNING * * *
Your unstable footing causes you to fumble your attack.
You hit Azrael.
Azrael is severely wounded.
Azrael gestures at you.
The sphere of damnation explodes!
The damnation engulfs you!!
You die...

#...##...
#........#........
+........#........
#........#........
#........#...##... ##
#≈≈......#...##... .##.
#≈≈......#....#... .....
#R≈......#....#... .....
#@≈......#....#...
......#≈≈......#...###'#
......#........#...##...
......'.>......#...+....
.##.###........#...##...
#.....######...##...
#.÷...#.............
#.....#........##...
#.....#........##...


You could see Azrael (unsilenced, waterlogged).

Vanquished Creatures
  Snorg (Orc:2)
  Fannar (D:12)
  A boulder beetle (D:9)
  6 hydras
  A catoblepas (Lair:3)
  A two-headed ogre (shapeshifter) (Lair:6)
  2 death yaks
  3 thrashing horrors (Lair:6)
  A two-headed ogre (D:11)
  An orc high priest (Orc:2)
  An orc sorcerer (Orc:1)
  An ugly thing (Lair:6)
  13 elephants
  A smoke demon (Lair:6)
  A torpor snail (Lair:2)
  An unseen horror (D:12)
  13 cane toads
  8 komodo dragons
  6 rime drakes
  3 ancient zymes (Lair:6)
  3 trolls
  A meliai (shapeshifter) (Lair:6)
  A hornet (D:10)
  Grinder (D:4)
  3 slime creatures
  22 blink frogs
  A polar bear (Lair:5)
  8 dream sheep
  Sigmund (D:5)
  65 yaks
  4 wyverns
  2 ynoxinuls (Lair:6)
  4 basilisks
  3 fire elementals
  2 chaos spawn (Lair:6)
  2 redbacks (Lair:2)
  7 vampire mosquitoes
  2 steam dragons (D:7)
  2 wargs (Orc:1)
  16 water moccasins
  2 hell hounds
  Duvessa (D:4)
  3 large abominations (Lair:6)
  2 ice beasts (D:8)
  A sky beast (D:7)
  9 orc warriors
  A black bear (Lair:2)
  2 necrophages
  2 centaurs
  4 ogres
  22 wolves
  8 bullfrogs
  A kobold brigand (D:5)
  3 scorpions
  Blork the orc (D:5)
  A gnoll sergeant (D:11)
  A water moccasin zombie (D:7)
  A wyvern zombie (D:8)
  Dowan (D:4)
  A water moccasin skeleton (D:4)
  3 killer bees (D:10)
  5 wights
  4 electric eels
  8 howler monkeys
  3 centaur zombies
  A komodo dragon simulacrum (IceCv)
  A bullfrog zombie (D:5)
  8 hounds
  Crazy Yiuf (D:3)
  11 orc priests
  3 jellies
  A gnoll shaman (D:6)
  A bullfrog skeleton (D:6)
  2 iguanas (D:5)
  16 orc wizards
  2 centaur skeletons
  12 small abominations (Lair:6)
  2 hound zombies (D:5)
  2 hound skeletons
  2 howler monkey zombies
  Robin (D:3)
  19 gnolls
  8 adders
  3 acid dragon simulacra (IceCv)
  A shadow imp (D:7)
  2 white imps
  2 ufetubi
  2 steam dragon simulacra (IceCv)
  3 worms
  3 dart slugs
  50 orcs
  5 ball pythons
  9 bats
  14 endoplasms
  7 giant cockroaches
  25 goblins
  10 hobgoblins
  3 jackals (D:2)
  9 quokkas
  6 frilled lizards
  11 kobolds
  6 rats
570 creatures vanquished.

Vanquished Creatures (others)
  A hell hound (D:12)
  An orc wizard (D:9)
  An orc (Orc:1)
  9 fulminant prisms
  49 fungi
  41 plants
102 creatures vanquished.

Grand Total: 672 creatures vanquished

Notes
Turn   | Place    | Note
-------+----------+-------------------------------------------
     0 | D:5      | Reached skill level 9 in Stealth
     0 | D:5      | croobank the Gnoll Delver began the quest for the Orb.
     0 | D:5      | Reached XP level 1. HP: 23/23 MP: 1/1
    37 | D:5      | Reached XP level 2. HP: 14/29 MP: 2/2
   233 | D:5      | Noticed Sigmund
   234 | D:5      | Noticed a scorpion
   282 | D:4      | Noticed Dowan
   380 | D:2      | Identified a scroll of acquirement
   381 | D:2      | Acquired a ring of poison resistance
   401 | D:2      | Reached XP level 3. HP: 26/35 MP: 3/3
   550 | D:2      | Found Ofiowke's General Store.
   554 | D:2      | Bought a potion of curing for 36 gold pieces
   699 | D:2      | Reached skill level 1 in Invocations
   970 | D:1      | Reached skill level 1 in Short Blades
   970 | D:1      | Reached skill level 1 in Long Blades
   970 | D:1      | Reached skill level 1 in Maces & Flails
   970 | D:1      | Reached skill level 1 in Polearms
   970 | D:1      | Reached skill level 1 in Staves
   970 | D:1      | Reached skill level 1 in Slings
   970 | D:1      | Reached skill level 1 in Bows
   970 | D:1      | Reached skill level 1 in Crossbows
   970 | D:1      | Reached skill level 1 in Throwing
   970 | D:1      | Reached skill level 1 in Armour
   970 | D:1      | Reached skill level 1 in Shields
   970 | D:1      | Reached skill level 1 in Unarmed Combat
   970 | D:1      | Reached skill level 1 in Spellcasting
   970 | D:1      | Reached skill level 1 in Evocations
  1109 | D:1      | Reached XP level 4. HP: 41/41 MP: 5/5
  1121 | D:1      | Found a faded altar of an unknown god.
  1787 | D:2      | Reached skill level 1 in Conjurations
  1787 | D:2      | Reached skill level 1 in Hexes
  1787 | D:2      | Reached skill level 1 in Summonings
  1787 | D:2      | Reached skill level 1 in Necromancy
  1787 | D:2      | Reached skill level 1 in Translocations
  1787 | D:2      | Reached skill level 1 in Transmutations
  1787 | D:2      | Reached skill level 1 in Fire Magic
  1787 | D:2      | Reached skill level 1 in Ice Magic
  1787 | D:2      | Reached skill level 1 in Air Magic
  1787 | D:2      | Reached skill level 1 in Earth Magic
  1787 | D:2      | Reached skill level 1 in Poison Magic
  2187 | D:2      | Reached XP level 5. HP: 47/47 MP: 6/6
  2708 | D:3      | Noticed Robin
  2751 | D:3      | Killed Robin
  2870 | D:3      | Found a runed translucent door.
  2871 | D:3      | Noticed Crazy Yiuf
  2962 | D:3      | Reached XP level 6. HP: 50/53 MP: 8/8
  2973 | D:3      | Learned a level 3 spell: Ozocubu's Armour
  3130 | D:3      | Reached skill level 5 in Axes
  3130 | D:3      | Reached skill level 5 in Dodging
  3477 | D:3      | Killed Crazy Yiuf
  3493 | D:3      | Learned a level 5 spell: Metabolic Englaciation
  3739 | D:4      | Noticed Duvessa
  3767 | D:4      | Killed Dowan
  3768 | D:4      | Reached XP level 7. HP: 28/59 MP: 10/10
  3774 | D:4      | HP: 2/59 [Duvessa/+0 short sword (9)]
  3779 | D:4      | Killed Duvessa
  4123 | D:4      | Noticed Grinder
  4135 | D:4      | Killed Grinder
  4136 | D:4      | Reached skill level 10 in Stealth
  4205 | D:4      | Found a broken altar of Ashenzari.
  4445 | D:4      | Reached XP level 8. HP: 67/67 MP: 12/12
  4473 | D:5      | Killed Sigmund
  5051 | D:5      | Reached XP level 9. HP: 39/72 MP: 14/14
  5617 | D:5      | Noticed Blork the orc
  5626 | D:5      | Killed Blork the orc
  5723 | D:5      | Found a blossoming altar of Fedhas.
  6107 | D:6      | Learned a level 6 spell: Simulacrum
  6564 | D:6      | Found a glowing golden altar of the Shining One.
  6641 | D:6      | Found a staircase to the Ecumenical Temple.
  6898 | D:6      | Reached skill level 5 in Invocations
  6908 | Temple   | Entered the Ecumenical Temple
  7194 | Temple   | Became a worshipper of Vehumet
  7360 | D:7      | Reached XP level 10. HP: 66/80 MP: 17/17
  7415 | D:7      | Reached skill level 5 in Short Blades
  7415 | D:7      | Reached skill level 5 in Long Blades
  7415 | D:7      | Reached skill level 5 in Maces & Flails
  7415 | D:7      | Reached skill level 5 in Polearms
  7415 | D:7      | Reached skill level 5 in Staves
  7415 | D:7      | Reached skill level 5 in Slings
  7415 | D:7      | Reached skill level 5 in Bows
  7415 | D:7      | Reached skill level 5 in Crossbows
  7415 | D:7      | Reached skill level 5 in Throwing
  7415 | D:7      | Reached skill level 5 in Armour
  7415 | D:7      | Reached skill level 5 in Shields
  7415 | D:7      | Reached skill level 5 in Unarmed Combat
  7415 | D:7      | Reached skill level 5 in Spellcasting
  7415 | D:7      | Reached skill level 5 in Evocations
  7474 | D:7      | Reached * piety under Vehumet
  7474 | D:7      | Offered knowledge of Magic Dart by Vehumet.
  7709 | D:7      | Found a hazy altar of Hepliaklqana.
  7789 | D:7      | Acquired the ring of Sunlight {rF+ rCorr Int+4 Dex+6
                  | Stlth+}
  7804 | D:7      | Found a burning altar of Makhleb.
  7814 | D:7      | Found a transporter.
  7816 | D:7      | Noticed an ice statue
  7848 | D:7      | Found a transporter.
  7866 | D:7      | Noticed a cyclops
  7875 | D:7      | Noticed AlmostDecent's ghost (novice FoFi)
  8098 | D:8      | Found a shimmering blue altar of Sif Muna.
  8451 | D:8      | Found an ornate altar of the Wu Jian Council.
  8452 | D:8      | Found an opulent altar of Gozag.
  8633 | D:8      | Found a hide-covered altar of Uskayaw.
  8637 | D:8      | You are sucked into a shaft and drop 1 floor!
  8763 | D:9      | Found a large runed translucent door.
  8884 | D:9      | Reached skill level 11 in Stealth
  9344 | D:9      | Noticed a boulder beetle
  9362 | D:9      | Killed a boulder beetle
  9391 | D:9      | Found a sacrificial altar of Ru.
  9518 | D:9      | Found a large runed translucent door.
  9666 | D:10     | Entered Level 10 of the Dungeon
  9832 | D:10     | Reached XP level 11. HP: 78/87 MP: 19/19
  9867 | D:10     | Offered knowledge of Scorch by Vehumet.
  9878 | D:10     | Reached ** piety under Vehumet
  9882 | D:10     | Learned a level 2 spell: Scorch
  9987 | D:10     | Reached skill level 5 in Conjurations
  9987 | D:10     | Reached skill level 5 in Hexes
  9987 | D:10     | Reached skill level 5 in Summonings
  9987 | D:10     | Reached skill level 5 in Necromancy
  9987 | D:10     | Reached skill level 5 in Translocations
  9987 | D:10     | Reached skill level 5 in Transmutations
  9987 | D:10     | Reached skill level 5 in Fire Magic
  9987 | D:10     | Reached skill level 5 in Ice Magic
  9987 | D:10     | Reached skill level 5 in Air Magic
  9987 | D:10     | Reached skill level 5 in Earth Magic
  9987 | D:10     | Reached skill level 5 in Poison Magic
 10604 | D:10     | Found Qoethero's Overcharged Wands.
 10898 | D:11     | Found a staircase to the Orcish Mines.
 11382 | D:11     | Found a staircase to the Lair.
 11510 | D:11     | Noticed a two-headed ogre
 11521 | D:11     | Killed a two-headed ogre
 11828 | Lair:1   | Entered Level 1 of the Lair of Beasts
 12160 | Lair:1   | Offered knowledge of Inner Flame by Vehumet.
 12541 | Lair:1   | Reached *** piety under Vehumet
 12922 | Lair:2   | Noticed a four-headed hydra
 12935 | Lair:2   | Killed a four-headed hydra
 12936 | Lair:2   | Reached XP level 12. HP: 60/96 MP: 22/22
 13106 | Lair:2   | Found a staircase to the Swamp.
 13182 | Lair:2   | Found a frozen archway.
 13199 | IceCv    | Entered an ice cave
 13227 | IceCv    | Offered knowledge of Hailstorm by Vehumet.
 13282 | Lair:2   | Learned a level 4 spell: Hailstorm
 13962 | Lair:2   | Found a hole to the Spider Nest.
 14215 | Lair:2   | Reached skill level 12 in Stealth
 14217 | Lair:2   | Reached **** piety under Vehumet
 14505 | Lair:2   | Offered knowledge of Fulminant Prism by Vehumet.
 14506 | Lair:2   | Reached skill level 10 in Fighting
 14522 | Lair:2   | Learned a level 4 spell: Fulminant Prism
 14712 | Lair:2   | Noticed a death yak
 14746 | Lair:2   | Noticed a death yak
 15268 | Lair:2   | Noticed a death yak
 15316 | Lair:1   | Killed a death yak
 15564 | Lair:2   | Killed a death yak
 16305 | Lair:3   | Reached XP level 13. HP: 62/103 MP: 4/24
 18113 | Lair:4   | Found a large runed translucent door.
 18114 | Lair:4   | Found a large runed translucent door.
 18115 | Lair:4   | Noticed hehateme's ghost (journeyman DsGl)
 18130 | Lair:4   | Reached ***** piety under Vehumet
 18250 | Lair:4   | Offered knowledge of Olgreb's Toxic Radiance by Vehumet.
 18256 | Lair:4   | Learned a level 4 spell: Olgreb's Toxic Radiance
 18933 | Lair:4   | Identified the +6 hand axe "Anacsyp" {venom, Dex+4}
 19011 | Lair:5   | Identified the amulet "Loqum" {rC+ Regen+}
 20163 | Lair:6   | Entered Level 6 of the Lair of Beasts
 20348 | Lair:6   | Reached skill level 10 in Axes
 20348 | Lair:6   | Reached skill level 10 in Dodging
 20356 | Lair:6   | Reached XP level 14. HP: 63/113 MP: 4/26
 21361 | Lair:6   | Reached skill level 13 in Stealth
 21564 | Lair:6   | Found a staircase to the Slime Pits.
 21853 | Lair:6   | Reached skill level 10 in Invocations
 22424 | Lair:6   | Identified the +8 scythe of Abuse {elec, rElec rF- rN++
                  | SInv}
 22555 | Lair:6   | Found a corrupted altar of Lugonu.
 22555 | Lair:6   | Found a one-way gate to the infinite horrors of the Abyss.
 23140 | D:12     | Noticed Fannar
 23162 | D:12     | Killed Fannar
 23772 | D:12     | Noticed Azrael
 23924 | Orc:1    | Entered Level 1 of the Orcish Mines
 24127 | Orc:1    | Noticed an orc warlord
 24306 | Orc:2    | Entered Level 2 of the Orcish Mines
 24306 | Orc:2    | Noticed Rupert
 24375 | Orc:2    | Noticed Snorg
 24386 | Orc:2    | Killed Snorg
 24528 | Orc:2    | Found Wofe's Book Emporium.
 24650 | Orc:2    | Noticed Saint Roka
 24893 | D:12     | Killed from afar by Azrael

Illustrated notes

Levels and vault maps discovered:
D:1:      lemuel_arrival_room, layout_loops_corners,
          chequers_ecumenical_altar_simple, minmay_split_cup_small
D:2:      minmay_door_path, layout_rooms, serial_shops, shop, st_stairs_7,
          minmay_goblin_outpost
D:3:      minmay_skewed_foursquare, layout_basic, uniq_robin,
          uniq_crazy_yiuf_cottage
D:4:      layout_cave_pools, ashenzari_conservatory_becter,
          hangedman_abyss_or_decor_stabs, uniq_grinder, uniq_duvessa
D:5:      minmay_recursive_quarters, layout_basic, fedhas_altar_4,
          gup_sewer_entry_pipe, hangedman_abyss_or_decor_passed,
          grunt_decor_junction, grunt_ministairs_15, uniq_sigmund,
          uniq_blork_the_orc
D:6:      layout_cave_pools, nicolae_tso_swordbearing_angel,
          minmay_temple_entry_statues_fountains
D:7:      layout_cave_pools, makhleb_altar_promises_db,
          worldfamousw_hep_ancestral_shrine, nzn_ghost_randoct, minmay_circle_x
D:8:      layout_rooms, gammafunk_temple_overflow_statue,
          yredelemnul_forgotten_temple_becter,
          mainiacjoe_overflow_catwalk_spiral
D:9:      layout_long_grid, jmf_multi_god_temple2, mainiacjoe_overflow_brackets
D:10:     layout_basic, nicolae_shop_overcharged_wands
D:11:     layout_irregular_city, lair_entry_dummy, orc_0_dummy,
          hangedman_decor_growths
D:12:     layout_gridville, fountainhead, kennysheep_cross_bottleneck,
          uniq_azrael, uniq_fannar
D:13:     layout_grid_maze, uniq_josephine
Temple:   compressed_dpeg_triangle_lava_temple
Lair:1:   layout_gridlike, gauntlet_entry_generic, minmay_hedge_maze,
          minmay_stone_trees_small, infiniplex_staircase_pool_2,
          lemuel_fruit_fields, lemuel_fruit_tree, serial_bayou_shore_a
Lair:2:   layout_small_grid, minmay_swamp_entry_swarm, spider_nest_entry_webs,
          portal_ice_cave_rime
Lair:3:   layout_roguey, chequers_serial_rivers_marsh
Lair:4:   layout_hall_layers, ebering_ghost_disaster_area
Lair:5:   layout_concentric_octagons, lemuel_fruit_fields
Lair:6:   hellmonk_lair_end_abyssal_woods, layout_cave_pods,
          minmay_slime_entry_pillars
Orc:1:    layout_diamond_mine
Orc:2:    grunt_orc_gardens, layout_caves, grunt_orc_garden, grunt_orc_garden,
          grunt_orc_garden, grunt_orc_garden, basic_altar, uniq_rupert,
          uniq_snorg, uniq_saint_roka

Skill      XL: |  1  2  3  4  5  6  7  8  9 10 11 12 13 14 |
---------------+-------------------------------------------+-----
Stealth        | 10 11 12 13 | 13.3
Invocations    | 1 2 3 4 5 6 7 8 9 10 | 10.4
Short Blades   | 1 2 3 4 5 6 7 8 9 |  9.5
Long Blades    | 1 2 3 4 5 6 7 8 9 |  9.5
Maces & Flails | 1 2 3 4 5 6 7 8 9 |  9.5
Polearms       | 1 2 3 4 5 6 7 8 9 |  9.5
Staves         | 1 2 3 4 5 6 7 8 9 |  9.5
Slings         | 1 2 3 4 5 6 7 8 9 |  9.5
Bows           | 1 2 3 4 5 6 7 8 9 |  9.5
Crossbows      | 1 2 3 4 5 6 7 8 9 |  9.5
Throwing       | 1 2 3 4 5 6 7 8 9 |  9.5
Armour         | 1 2 3 4 5 6 7 8 9 |  9.5
Shields        | 1 2 3 4 5 6 7 8 9 |  9.5
Unarmed Combat | 1 2 3 4 5 6 7 8 9 |  9.5
Spellcasting   | 1 2 3 4 5 6 7 8 9 |  9.5
Evocations     | 1 2 3 4 5 6 7 8 9 |  9.5
Conjurations   | 1 2 3 4 5 6 7 8 |  8.0
Hexes          | 1 2 3 4 5 6 7 8 |  8.0
Summonings     | 1 2 3 4 5 6 7 8 |  8.0
Necromancy     | 1 2 3 4 5 6 7 8 |  8.0
Translocations | 1 2 3 4 5 6 7 8 |  8.0
Transmutations | 1 2 3 4 5 6 7 8 |  8.0
Fire Magic     | 1 2 3 4 5 6 7 8 |  8.0
Ice Magic      | 1 2 3 4 5 6 7 8 |  8.0
Air Magic      | 1 2 3 4 5 6 7 8 |  8.0
Earth Magic    | 1 2 3 4 5 6 7 8 |  8.0
Poison Magic   | 1 2 3 4 5 6 7 8 |  8.0
Axes           | 5 6 7 8 9 10 | 10.6
Dodging        | 5 6 7 8 9 10 | 10.6
Fighting       | 7 8 9 10 11 | 11.5

Action                   |  1- 3 |  4- 6 |  7- 9 | 10-12 | 13-15 || total
-------------------------+-------+-------+-------+-------+-------++-------
Melee: Hand axe          |    10 |       |       |       |       ||    10
       Bite              |     4 |     8 |    37 |   118 |   143 ||   310
       Quarterstaff      |    47 |   155 |   314 |   753 |   687 ||  1956
       Scythe            |       |       |       |       |    70 ||    70
 Fire: Shortbow          |       |       |       |    18 |     9 ||    27
Throw: Stone             |       |     1 |       |     2 |       ||     3
 Cast: Ozocubu's Armour  |       |       |       |     4 |       ||     4
       Scorch            |       |       |       |   105 |   220 ||   325
       Metabolic Englaci |       |       |       |     3 |    65 ||    68
       Fulminant Prism   |       |       |       |     2 |     7 ||     9
       Hailstorm         |       |       |       |     1 |     3 ||     4
       Olgreb's Toxic Ra |       |       |       |       |    35 ||    35
Evoke: Wand              |     1 |       |       |     8 |     5 ||    14
       Phial of floods   |       |       |       |       |     1 ||     1
  Use: Scroll            |     4 |     6 |     8 |    10 |     9 ||    37
       Potion            |       |       |     6 |     6 |     3 ||    15
 Stab: Sleeping          |     9 |    14 |     7 |    16 |     7 ||    53
       Distracted        |       |     1 |       |     2 |     2 ||     5
       Paralysed         |       |       |       |    15 |       ||    15
       Invisible         |       |       |       |       |     4 ||     4
Armor: Leather armour    |     9 |     6 |       |       |       ||    15
       Ring mail         |       |    65 |   203 |    33 |       ||   301
       Steam dragon scal |       |       |       |   268 |   367 ||   635
       Troll leather arm |       |       |       |       |    13 ||    13
Dodge: Dodged            |    36 |    73 |   308 |   698 |  1040 ||  2155
